 Dungeon Crawl Stone Soup version 0.30-a0-341-g682706514a (webtiles) character file.

Game seed: 13771565683202543813

2560 zishaf the Trooper (level 9, -9/70 HPs)
             Began as a Djinni Venom Mage on Nov 2, 2022.
             Was a Believer of Makhleb.
             Mangled by a wight
             ... wielding a +1 great sword
              (20 damage)
             ... on level 6 of the Dungeon.
             The game lasted 00:14:34 (6321 turns).

zishaf the Trooper (Djinni Venom Mage)              Turns: 6321, Time: 00:14:34

Health: -9/70      AC:  4    Str:  7    XL:     9   Next: 86%
Gold:   14         EV: 11    Int: 20    God:    Makhleb [**....] SH: 11 Dex: 15

rFire   + + .      SeeInvis .    a - +4 sling "Miuhirr" {drain, rElec rPois rC+ Will+}
rCold   . . .      Faith    .    x - +2 buckler
rNeg    . . .      Spirit   .    u - +1 leather armour of the Shining One's Hope {rElec rCorr}
rPois   ∞          Reflect  +    (no helmet)
rElec   +          Harm     .    (no cloak)
rCorr   +          Rampage  .    (no gloves)
Will    +....                    (boots unavailable)
Stlth   ++........               k - amulet of reflection
HPRegen 0.31/turn                (no ring)
MPRegen 0.00/turn                (no ring)

@: about to teleport, flying
A: sickness immunity, fire resistance 2, cold vulnerability 1, float, innate
caster, HP casting, extra vitality 1
a: Renounce Religion, Minor Destruction


You were on level 6 of the Dungeon.
You worshipped Makhleb.
Makhleb was pleased with you.
You visited 2 branches of the dungeon, and saw 7 of its levels.
You also visited: Sewer.

You collected 230 gold pieces.
You spent 216 gold pieces at shops.

Inventory:

Hand Weapons
 a - the +4 sling "Miuhirr" (weapon) {drain, rElec rPois rC+ Will+}
   (You found it on level 2 of the Dungeon)

   A truly terrible weapon, it drains the life of any living foe it strikes.
   rC:        It protects you from cold.
   rElec:     It insulates you from electricity.
   rPois:     It protects you from poison.
   Will:      It increases your willpower.
 c - a +6 short sword of protection
 d - the +5 hand axe "Onu Git" {vamp, rF+ Int+4}
   (You found it on level 5 of the Dungeon)

   It occasionally heals its wielder for a portion of the damage dealt when it
   wounds a living foe.
   Int:       It affects your intelligence (+4).
   rF:        It protects you from fire.
 r - a +1 dagger of freezing
Missiles
 e - a throwing net
Armour
 o - a +3 chain mail of cold resistance
 u - the +1 leather armour of the Shining One's Hope (worn) {rElec rCorr}
   (You found it on level 2 of the Dungeon)

   rElec:     It insulates you from electricity.
   rCorr:     It protects you from acid and corrosion.
 w - a +0 robe
 x - a +2 buckler (worn)
Magical Staves
 v - a staff of conjuration
Jewellery
 k - an amulet of reflection (around neck)
Wands
 b - a wand of polymorph (14)
 j - a wand of roots (9)
 p - a wand of quicksilver (7)
 t - a wand of flame (11)
Scrolls
 f - a scroll of magic mapping
 s - a scroll of silence
 y - 3 scrolls of teleportation
 B - a scroll of summoning
 C - 2 scrolls of butterflies
Potions
 g - 2 potions of haste
 h - 8 potions of curing
 i - 3 potions of heal wounds
 l - a potion of berserk rage {unknown}
 m - 2 potions of resistance {unknown}
 n - 3 potions of brilliance
 q - 3 potions of flight {unknown}
 z - 2 potions of might {unknown}
 A - a potion of mutation {unknown}


   Skills:
 + Level 7.8 Fighting
 - Level 2.1 Dodging
 - Level 1.5 Stealth
 + Level 2.5 Shields
 + Level 6.6 Spellcasting
 + Level 3.6 Invocations
 - Level 3.0 Evocations


You had one spell level left.
You knew the following spells:

 Your Spells              Type           Power      Damage    Failure   Level
a - Sting                 Tmut/Pois      100%       1d8       1%          1
b - Poisonous Vapours     Pois/Air       66%        N/A       1%          2
c - Vampiric Draining     Necr           33%        2d8       3%          3
d - Leda's Liquefaction   Hex/Erth       16%        N/A       13%         4
z - Mephitic Cloud        Conj/Pois/Air  33%        N/A       3%          3
A - Foxfire               Conj/Fire      100%       2x1d9     1%          1
B - Olgreb's Toxic Radia  Pois           33%        N/A       13%         4
R - Passwall              Tmut/Erth      27%        N/A       1%          2
Your spell library was empty.

Dungeon Overview and Level Annotations

Branches:
Dungeon (6/15)             Temple (1/1) D:5           Sewer (visited)

Altars:
Ashenzari
Cheibriados
Dithmenos
Elyvilon
Fedhas
Gozag
Hepliaklqana
Makhleb
Nemelex Xobeh
Qazlal
Ru
Trog
Uskayaw
Wu Jian
Xom
Yredelemnul
Zin
The Shining One

Shops:
D:2 =*?[


Innate Abilities, Weirdness & Mutations

You are immune to sickness and miasma.
You are immune to poison.
Your flesh is very heat resistant. (rF++)
You are vulnerable to cold. (rC-)
You float through the air rather than walking.
You learn spells naturally, not from books.
Your magical power is your life essence.
You have superior vitality. (+4 MHP)


Message History

The wight hits you with a +3 scimitar of freezing.
The wight freezes you. The wight hits you with a +0 mace.
The water moccasin barely misses you.
Casting: Foxfire (safe; 1% risk of failure)
Confirm with . or Enter, or press ? or * to list all spells.
You conjure some foxfire!
The foxfire hits the water moccasin!
The water moccasin is heavily wounded.
The foxfire hits the water moccasin.
The water moccasin is severely wounded.
The water moccasin bites you but does no damage.
The wight misses you. You block the wight's attack.
Casting: Foxfire (safe; 1% risk of failure)
Confirm with . or Enter, or press ? or * to list all spells.
You conjure some foxfire!
The foxfire hits the wight.
The wight is almost destroyed.
The foxfire hits the wight.
The wight is almost destroyed.
The water moccasin bites you.
The wight hits you with a +3 scimitar of freezing!
The wight freezes you. The wight hits you with a +0 mace.
* * * LOW HITPOINT WARNING * * *
You block the water moccasin's attack.
Your foxfire dissipates!
The foxfire hits the water moccasin.
The water moccasin is severely wounded.
The wight attacks as you move away! The wight closely misses you.
The wight attacks as you move away! You block the wight's attack.
The wight attacks as you move away! The wight hits you with a +0 mace.
* * * LOW HITPOINT WARNING * * *
The wight throws a stone.
You reflect the stone off an invisible shield around you!
The stone hits the wight but does no damage.
You block the water moccasin's attack.
As you read the scroll of teleportation, it crumbles to dust.
You feel strangely unstable. The wight hits you with a +0 mace.
* * * LOW HITPOINT WARNING * * *
You block the wight's attack. You block the water moccasin's attack.
The wight attacks as you move away!
The wight hits you with a +1 great sword!!
You die...

##.......#....~.~
##..#####.....÷..÷ #..##
#.........
########.#######.......##
#......................#
#...................÷..#
#......................#
****###......................#
*,,,........zz@..............#
***,,,.........zS.............:#
,**,,,.........................#
,,,,,,.........................#
,**,,,.........................#
,,,,,*#.#............^.........#
,,,*,*#........................#
,,,,,*#.......................##
,,*,,,..<.....................#


You could see a water moccasin and 3 wights.

Vanquished Creatures
  Grinder (D:4)
  A hornet (D:3)
  A water moccasin (D:4)
  Duvessa (D:6)
  An ice beast (D:6)
  An orc warrior (D:5)
  2 black bears (D:4)
  A sky beast (D:6)
  3 ogres
  2 bullfrogs (Sewer)
  A necrophage (D:5)
  3 scorpions
  Dowan (D:6)
  A howler monkey (D:5)
  6 hounds
  2 jellies
  An iguana (D:4)
  Jessica (D:2)
  Natasha (thrice) (D:2)
  19 adders
  12 river rats
  2 worms
  A dart slug (D:2)
  9 orcs
  9 endoplasms
  7 giant cockroaches
  9 goblins
  10 hobgoblins
  2 jackals (D:4)
  8 kobolds
  5 quokkas
  28 ball pythons
  6 bats
  8 frilled lizards
  34 rats
202 creatures vanquished.

Vanquished Creatures (others)
  76 foxfires
76 creatures vanquished.

Grand Total: 278 creatures vanquished

Notes
Turn   | Place    | Note
-------+----------+-------------------------------------------
     0 | D:1      | zishaf the Djinni Venom Mage began the quest for the Orb.
     0 | D:1      | zishaf set off with the following spells memorised: Sting,
                  | Poisonous Vapours, Mephitic Cloud, Olgreb's Toxic Radiance.
     0 | D:1      | Reached XP level 1. HP: 15/15 MP: 0/0
   273 | D:1      | Reached XP level 2. HP: 22/22 MP: 0/0
   319 | D:1      | Reached skill level 1 in Fighting
   573 | D:1      | Reached XP level 3. HP: 4/27 MP: 0/0
   573 | D:1      | Learned a level 1 spell: Foxfire
  1412 | D:2      | Reached skill level 2 in Fighting
  1464 | D:2      | Found a glowing golden altar of the Shining One.
  1473 | D:2      | Reached XP level 4. HP: 28/33 MP: 0/0
  1526 | D:2      | Found Woiniupp's Jewellery Boutique.
  1526 | D:2      | Noticed Jessica
  1532 | D:2      | Killed Jessica
  1534 | D:2      | Noticed Natasha
  1537 | D:2      | Killed Natasha
  1538 | D:2      | Reached XP level 5. HP: 34/40 MP: 0/0
  1538 | D:2      | Learned a level 2 spell: Passwall
  1598 | D:2      | Noticed Natasha
  1606 | D:2      | Killed Natasha
  1607 | D:2      | Reached skill level 3 in Fighting
  1704 | D:2      | Found Anifauh's Assorted Antiques.
  1782 | D:2      | Identified the +1 leather armour of the Shining One's Hope
                  | {rElec rCorr}
  1865 | D:2      | Identified the +4 sling "Miuhirr" {drain, rElec rPois rC+
                  | Will+}
  1901 | D:2      | Found Mully's Antique Armour Boutique.
  1914 | D:2      | Found Sutuuwoq's Magic Scroll Shoppe.
  1922 | D:2      | Bought a scroll of teleportation for 36 gold pieces
  1960 | D:2      | Noticed Natasha
  1963 | D:2      | Killed Natasha
  2136 | D:3      | Found a glowing silver altar of Zin.
  2137 | D:3      | Found a broken altar of Ashenzari.
  2311 | D:3      | Reached XP level 6. HP: 46/46 MP: 0/0
  2331 | D:3      | Identified the +0 plate armour "Ilakkuf" {Fly rN++ Dex-4}
  2941 | D:4      | Noticed a hornet
  2942 | D:4      | Noticed Grinder
  2956 | D:3      | Killed a hornet
  2957 | D:3      | Reached skill level 4 in Fighting
  2957 | D:3      | Reached XP level 7. HP: 13/53 MP: 0/0
  2957 | D:3      | Learned a level 3 spell: Vampiric Draining
  3368 | D:4      | Reached skill level 5 in Fighting
  3516 | D:4      | Killed Grinder
  3517 | D:4      | Reached skill level 5 in Spellcasting
  3517 | D:4      | Reached XP level 8. HP: 23/61 MP: 0/0
  3654 | D:4      | Reached skill level 6 in Fighting
  4376 | D:5      | Entered Level 5 of the Dungeon
  4540 | D:5      | Identified the +5 hand axe "Onu Git" {vamp, rF+ Int+4}
  4651 | D:5      | Found a staircase to the Ecumenical Temple.
  4667 | Temple   | Entered the Ecumenical Temple
  4667 | Temple   | Found a transporter.
  4667 | Temple   | Found a transporter.
  4669 | Temple   | Found a transporter.
  4669 | Temple   | Found a transporter.
  4700 | Temple   | Became a worshipper of Makhleb the Destroyer
  5063 | D:5      | Reached skill level 1 in Invocations
  5095 | D:5      | Reached skill level 7 in Fighting
  5181 | D:5      | Reached skill level 1 in Evocations
  5181 | D:5      | Reached XP level 9. HP: 67/68 MP: 0/0
  5181 | D:5      | Learned a level 4 spell: Leda's Liquefaction
  5681 | D:2      | Bought a shiny buckler for 180 gold pieces
  5775 | D:6      | Reached skill level 1 in Shields
  5796 | D:6      | Noticed Dowan
  5797 | D:6      | Noticed Duvessa
  5819 | D:6      | Killed Duvessa
  5822 | D:6      | Killed Dowan
  5876 | D:6      | Found a glowing drain.
  5884 | Sewer    | Entered a sewer
  5918 | Sewer    | Reached * piety under Makhleb
  6104 | Sewer    | Reached ** piety under Makhleb
  6321 | D:6      | Mangled by a wight

Illustrated notes

Levels and vault maps discovered:
D:1:      dpeg_arrival_ternary, layout_loops_corners, serial_rivers,
          chequers_serial_rivers_room_a, chequers_serial_rivers_micro_c,
          chequers_serial_rivers_large_b, chequers_serial_rivers_micro_a,
          chequers_serial_rivers_micro_e, chequers_serial_rivers_small_b,
          eino_curves_02
D:2:      layout_basic, basic_altar, serial_shops, shop, nicolae_diamond_shop,
          shop, nicolae_shop_crystal, uniq_jessica, uniq_natasha
D:3:      kennysheep_six_static_rooms, layout_loops_cross,
          gammafunk_temple_overflow_statue, chequers_serial_rivers_large_a,
          nicolae_elevator_lobby_asterisk
D:4:      layout_basic, dreamdust_mushroom_princess, chequers_mini_garden,
          kennysheep_minor_cross, minmay_misc_feat_x, minmay_diced_spiral,
          uniq_grinder
D:5:      minmay_clustersquares, layout_basic, minmay_temple_entry_tees
D:6:      layout_rooms, portal_sewer_entry_e, wad_floor_pattern_1, uniq_duvessa
Temple:   hellmonk_temple_divided_pantheon

Skill      XL: |  1  2  3  4  5  6  7  8  9 |
---------------+----------------------------+-----
Fighting       | 1 2 3 4 5 7 |  7.8
Spellcasting   | 3 4 5 6 |  6.6
Invocations    | 1 3 |  3.6
Evocations     | 1 3 |  3.0
Shields        | 2 |  2.5
Dodging        | |  2.1
Stealth        | |  1.5

Action                   |  1- 3 |  4- 6 |  7- 9 || total
-------------------------+-------+-------+-------++-------
 Fire: Sling             |       |    61 |   258 ||   319
 Cast: Sting             |    70 |    23 |    27 ||   120
       Foxfire           |       |     8 |    35 ||    43
       Poisonous Vapours |       |     3 |     8 ||    11
       Mephitic Cloud    |       |     1 |     9 ||    10
       Vampiric Draining |       |       |    10 ||    10
       Olgreb's Toxic Ra |       |       |     2 ||     2
  Use: Scroll            |       |     5 |    14 ||    19
Armor: Robe              |     1 |     1 |       ||     2
       Leather armour    |       |     6 |    48 ||    54
Dodge: Dodged            |    17 |    23 |   122 ||   162
Block: Other             |       |     9 |    36 ||    45
       Reflection        |       |     2 |     2 ||     4
       Buckler           |       |       |    64 ||    64

Table legend: (Time is in decaauts)
 A = Elapsed time spent in this place.
 B = Non-inter-level travel time spent in this place.
 C = Inter-level travel time spent in this place.
 D = Time resting spent in this place.
 E = Time spent auto-exploring this place.
 F = Levels seen in this place.
 G = Mean time per level.
                   A        B        C        D        E       F      G
               +--------+--------+--------+--------+--------+-----+--------+
         Total |   6484 |   6116 |    368 |    469 |   4363 |   8 |  810.5 |
       Dungeon |   6014 |   5658 |    356 |    469 |   4138 |   6 | 1002.3 |
        Temple |     46 |     34 |     12 |      0 |      0 |   1 |   46.0 |
         Sewer |    422 |    422 |      0 |      0 |    225 |   1 |  422.0 |
               +--------+--------+--------+--------+--------+-----+--------+

Top non-repeatable levels by time:
     D:1: 1392 daAuts
     D:5: 1279 daAuts
     D:3: 1273 daAuts
     D:4: 1164 daAuts
     D:2: 709 daAuts
   Sewer: 422 daAuts
     D:6: 195 daAuts
  Temple: 46 daAuts
